TOP OF THE 1ST |
District 9 Prawns batting - Pitching for Redwood City Redwoods : RHP Nathan Seymour
|
Pitching: RHP Nathan Seymour
|
|
Batting: SHB Félix Montoya
|
0-0: Ball 1-0: SINGLE (Line Drive, 4D)
|
Batting: RHB José Colón
|
0-0: Ball 1-0: 2-RUN HOME RUN (Flyball, 7LD), Distance : 334 ft
|
Batting: SHB Tony López
|
0-0: Called Strike 0-1: Swinging Strike 0-2: Strikes out swinging
|
Batting: SHB Rick Turner
|
0-0: Called Strike 0-1: Foul Ball, location: 2F 0-2: SINGLE (Line Drive, 56D)
|
Batting: LHB Terry Simpson
|
0-0: Fly out, F5 (Popup, 56D)
|
Batting: RHB Felipe Jareño
|
0-0: Called Strike 0-1: Swinging Strike 0-2: Foul Ball, location: 2F 0-2: Ball 1-2: Ball 2-2: Strikes out swinging
|
Top of the 1st over - 2 run(s), 3 hit(s), 0 error(s), 1 left on base; District 9 2 - Redwood City 0 |
BOTTOM OF THE 1ST |
Redwood City Redwoods batting - Pitching for District 9 Prawns : LHP Pedro Valdés
|
Pitching: LHP Pedro Valdés
|
|
Batting: RHB Robert Downing
|
0-0: Called Strike 0-1: Swinging Strike 0-2: Strikes out swinging
|
Batting: LHB Pedro Rodríguez
|
0-0: Ball 1-0: Ball 2-0: Ball 3-0: Called Strike 3-1: Ground out 5-3 (Groundball, 2L)
|
Batting: RHB Bob Campbell
|
0-0: Ball 1-0: Called Strike 1-1: Ball 2-1: Foul Ball, location: 2F 2-2: Strikes out swinging
|
Bottom of the 1st over - 0 run(s), 0 hit(s), 0 error(s), 0 left on base; District 9 2 - Redwood City 0 |
TOP OF THE 2ND |
District 9 Prawns batting - Pitching for Redwood City Redwoods : RHP Nathan Seymour
|
Batting: LHB Donnie Cunningham
|
0-0: Ball 1-0: SINGLE (Groundball, 6) (infield hit)
|
Batting: LHB Culley Vaughan
|
0-0: Ball 1-0: Ball 2-0: Called Strike 2-1: Called Strike 2-2: Foul Ball, location: 2F 2-2: Grounds into double play, 6-4-3 (Groundball, 6)
|
Batting: RHB Phil Jacobs
|
0-0: Ball 1-0: Ball 2-0: Ground out 1-3 (Groundball, 13)
|
Top of the 2nd over - 0 run(s), 1 hit(s), 0 error(s), 0 left on base; District 9 2 - Redwood City 0 |
BOTTOM OF THE 2ND |
Redwood City Redwoods batting - Pitching for District 9 Prawns : LHP Pedro Valdés
|
Batting: LHB Arthur Hall
|
0-0: Ground out 4-3 (Groundball, 4)
|
Batting: RHB Tokuhei Kobayashi
|
0-0: Ball 1-0: Foul Ball, location: 2F 1-1: Ball 2-1: Ball 3-1: Foul Ball, location: 2F 3-2: Foul Ball, location: 2F 3-2: Base on Balls
|
Batting: LHB Patrick Bright
|
0-0: Foul Ball, location: 2F 0-1: Ground out 4-3 (Groundball, 34) Tokuhei Kobayashi to second
|
Batting: RHB Juan Robles
|
0-0: Foul Ball, location: 2F 0-1: Ball 1-1: 2-RUN HOME RUN (Flyball, 7D), Distance : 353 ft
|
Batting: RHB Jesús Cuevas
|
0-0: Foul Ball, location: 2F 0-1: Ground out 4-3 (Groundball, 34)
|
Bottom of the 2nd over - 2 run(s), 1 hit(s), 0 error(s), 0 left on base; District 9 2 - Redwood City 2 |
TOP OF THE 3RD |
District 9 Prawns batting - Pitching for Redwood City Redwoods : RHP Nathan Seymour
|
Batting: SHB Félix Montoya
|
0-0: Foul Ball, location: 2F 0-1: Foul Ball, location: 2F 0-2: Strikes out looking
|
Batting: RHB José Colón
|
0-0: Ball 1-0: Ground out 5-3 (Groundball, 56S)
|
Batting: SHB Tony López
|
0-0: Ball 1-0: Called Strike 1-1: Ball 2-1: Fly out, F7 (Flyball, 7S)
|
Top of the 3rd over - 0 run(s), 0 hit(s), 0 error(s), 0 left on base; District 9 2 - Redwood City 2 |
BOTTOM OF THE 3RD |
Redwood City Redwoods batting - Pitching for District 9 Prawns : LHP Pedro Valdés
|
Batting: RHB Keitaro Suzuki
|
0-0: Ground out 6-3 (Groundball, 6)
|
Batting: RHB Robert Downing
|
0-0: Ball 1-0: Ball 2-0: Foul Ball, location: 2F 2-1: Called Strike 2-2: SINGLE (Line Drive, 4)
|
Batting: LHB Pedro Rodríguez
|
0-0: Called Strike 0-1: Ball 1-1: Fly out, F6 (Popup, 6)
|
Batting: RHB Bob Campbell
|
0-0: Ball 1-0: DOUBLE (Flyball, 89D) Robert Downing to third Runner from 3rd tries for Home, SAFE, no throw
|
Batting: LHB Arthur Hall
|
0-0: Foul Ball, location: 2F 0-1: Ball 1-1: Ball 2-1: Ball 3-1: SINGLE (Line Drive, 6MD) Bob Campbell to third
|
Batting: RHB Tokuhei Kobayashi
|
0-0: Ball 1-0: Called Strike 1-1: Ball 2-1: Fly out, F8 (Line Drive, 78M)
|
Bottom of the 3rd over - 1 run(s), 3 hit(s), 0 error(s), 2 left on base; District 9 2 - Redwood City 3 |
TOP OF THE 4TH |
District 9 Prawns batting - Pitching for Redwood City Redwoods : RHP Nathan Seymour
|
Batting: SHB Rick Turner
|
0-0: Called Strike 0-1: Ball 1-1: Ball 2-1: Called Strike 2-2: SINGLE (Flyball, 8RS)
|
Batting: LHB Terry Simpson
|
0-0: Ball 1-0: Fly out, F8 (Flyball, 8RS)
|
Batting: RHB Felipe Jareño
|
0-0: Called Strike 0-1: 2-RUN HOME RUN (Flyball, 89XD), Distance : 412 ft
|
Batting: LHB Donnie Cunningham
|
0-0: Ball 1-0: Foul Ball, location: 2F 1-1: Fly out, F8 (Line Drive, 8LS)
|
Batting: LHB Culley Vaughan
|
0-0: Ball 1-0: Ball 2-0: Called Strike 2-1: Foul Ball, location: 2F 2-2: Ball 3-2: Ground out 4-3 (Groundball, 4)
|
Top of the 4th over - 2 run(s), 2 hit(s), 0 error(s), 0 left on base; District 9 4 - Redwood City 3 |
BOTTOM OF THE 4TH |
Redwood City Redwoods batting - Pitching for District 9 Prawns : LHP Pedro Valdés
|
Batting: LHB Patrick Bright
|
0-0: Ball 1-0: Ground out U3 (Groundball, 34S)
|
Batting: RHB Juan Robles
|
0-0: Ball 1-0: Ball 2-0: Foul Ball, location: 2F 2-1: Fly out, F7 (Flyball, 7LDF)
|
Batting: RHB Jesús Cuevas
|
0-0: Ground out U3 (Groundball, 34)
|
Bottom of the 4th over - 0 run(s), 0 hit(s), 0 error(s), 0 left on base; District 9 4 - Redwood City 3 |
TOP OF THE 5TH |
District 9 Prawns batting - Pitching for Redwood City Redwoods : RHP Nathan Seymour
|
Batting: RHB Phil Jacobs
|
0-0: Called Strike 0-1: Foul Ball, location: 2F 0-2: Foul Ball, location: 2F 0-2: Ball 1-2: Ball 2-2: Foul Ball, location: 2F 2-2: Foul Ball, location: 2F 2-2: Foul Ball, location: 2F 2-2: Ball 3-2: Foul Ball, location: 2F 3-2: Foul Ball, location: 2F 3-2: Fly out, F8 (Line Drive, 8LM)
|
Batting: SHB Félix Montoya
|
0-0: Ball 1-0: Foul Ball, location: 2F 1-1: Called Strike 1-2: Strikes out swinging
|
Batting: RHB José Colón
|
0-0: Called Strike 0-1: Ball 1-1: Swinging Strike 1-2: Foul Ball, location: 2F 1-2: SINGLE (Groundball, 56D)
|
Batting: SHB Tony López
|
0-0: Called Strike 0-1: Ball 1-1: Called Strike 1-2: Ball 2-2: Ball 3-2: Fly out, F8 (Line Drive, 8RM)
|
Top of the 5th over - 0 run(s), 1 hit(s), 0 error(s), 1 left on base; District 9 4 - Redwood City 3 |
BOTTOM OF THE 5TH |
Redwood City Redwoods batting - Pitching for District 9 Prawns : LHP Pedro Valdés
|
Batting: RHB Keitaro Suzuki
|
0-0: Ball 1-0: Ball 2-0: Ball 3-0: Called Strike 3-1: Base on Balls
|
Batting: RHB Robert Downing
|
0-0: Ball 1-0: Called Strike 1-1: SINGLE (Groundball, 56D) Keitaro Suzuki to second
|
Batting: LHB Pedro Rodríguez
|
0-0: Ball 1-0: Ball 2-0: Called Strike 2-1: Swinging Strike 2-2: Fielders Choice at 2nd, 3-6 (Groundball, 34) Keitaro Suzuki to third
|
Batting: RHB Bob Campbell
|
0-0: Ball 1-0: Ball 2-0: Ball 3-0: Called Strike 3-1: Base on Balls Pedro Rodríguez to second
|
Batting: LHB Arthur Hall
|
0-0: SINGLE (Groundball, 4MD) (infield hit) Keitaro Suzuki scores Pedro Rodríguez to third Bob Campbell to second
|
Batting: RHB Tokuhei Kobayashi
|
0-0: SINGLE (Line Drive, 8LS) Pedro Rodríguez scores Bob Campbell to third Arthur Hall to second
|
Pitching: RHP Eduardo Delgado
|
|
Batting: LHB Patrick Bright
|
0-0: Ball 1-0: Swinging Strike 1-1: Ball Wild Pitch! Bob Campbell scores Arthur Hall to third Tokuhei Kobayashi to second 2-1: Ball 3-1: Foul Ball, location: 2F 3-2: Base on Balls
|
Batting: RHB Juan Robles
|
0-0: Ball 1-0: SINGLE (Flyball, 8LS) Arthur Hall scores Tokuhei Kobayashi to third Patrick Bright to second
|
Batting: RHB Jesús Cuevas
|
0-0: Fly out, F4 (Line Drive, 4)
|
Batting: RHB Keitaro Suzuki
|
0-0: Ball 1-0: Ground out 6-3 (Groundball, 6S)
|
Bottom of the 5th over - 4 run(s), 4 hit(s), 0 error(s), 3 left on base; District 9 4 - Redwood City 7 |
TOP OF THE 6TH |
District 9 Prawns batting - Pitching for Redwood City Redwoods : RHP Nathan Seymour
|
Batting: SHB Rick Turner
|
0-0: Swinging Strike 0-1: Ball 1-1: Ball 2-1: Fly out, F8 (Flyball, 8RS)
|
Batting: LHB Terry Simpson
|
0-0: Ball 1-0: Ball 2-0: Fly out, F7 (Flyball, 7LS)
|
Batting: RHB Felipe Jareño
|
0-0: Called Strike 0-1: Ball 1-1: Ball 2-1: SINGLE (Line Drive, 78M)
|
Batting: LHB Donnie Cunningham
|
0-0: Ball 1-0: Called Strike 1-1: Ground out 5-3 (Groundball, 56S)
|
Top of the 6th over - 0 run(s), 1 hit(s), 0 error(s), 1 left on base; District 9 4 - Redwood City 7 |
BOTTOM OF THE 6TH |
Redwood City Redwoods batting - Pitching for District 9 Prawns : RHP Eduardo Delgado
|
Batting: RHB Robert Downing
|
0-0: Called Strike 0-1: Foul Ball, location: 2F 0-2: Ball 1-2: Strikes out swinging
|
Batting: LHB Pedro Rodríguez
|
0-0: Ball 1-0: SINGLE (Groundball, 34D)
|
Batting: RHB Bob Campbell
|
0-0: Ball 1-0: Foul Ball, location: 2F 1-1: Foul Ball, location: 2F 1-2: Ball 2-2: Strikes out swinging
|
Batting: LHB Arthur Hall
|
0-0: Ball 1-0: Fly out, F8 (Flyball, 78D)
|
Bottom of the 6th over - 0 run(s), 1 hit(s), 0 error(s), 1 left on base; District 9 4 - Redwood City 7 |
TOP OF THE 7TH |
District 9 Prawns batting - Pitching for Redwood City Redwoods : RHP Nathan Seymour
|
Batting: LHB Culley Vaughan
|
0-0: Called Strike 0-1: SINGLE (Groundball, 34S) (infield hit)
|
Batting: RHB Phil Jacobs
|
0-0: Called Strike 0-1: Called Strike 0-2: Ball 1-2: Strikes out looking
|
Pitching: RHP José Gusmán
|
|
Batting: SHB Félix Montoya
|
0-0: Ball 1-0: Called Strike 1-1: Foul Ball, location: 2F 1-2: 2-RUN HOME RUN (Flyball, 9LD), Distance : 334 ft
|
Batting: RHB José Colón
|
0-0: Called Strike 0-1: Fly out, F8 (Line Drive, 8LM)
|
Batting: SHB Tony López
|
0-0: Ball 1-0: Ball 2-0: Ball 3-0: Base on Balls
|
Batting: SHB Rick Turner
|
0-0: Ball 1-0: Ball 2-0: Ball 3-0: Base on Balls Tony López to second
|
Batting: LHB Terry Simpson
|
0-0: Ball 1-0: Ball 2-0: Ball 3-0: Base on Balls Tony López to third Rick Turner to second
|
Batting: RHB Felipe Jareño
|
0-0: SINGLE (Line Drive, 8LS) Tony López scores Rick Turner to third Terry Simpson to second
|
Pitching: RHP Daniel Betteridge
|
|
Pinch Hitting: RHB Reynold Akker
|
0-0: Called Strike 0-1: Ball Wild Pitch! Rick Turner scores Terry Simpson to third Felipe Jareño to second 1-1: Ball 2-1: Ball 3-1: Base on Balls
|
Pinch Hitting: LHB Leonard Young
|
0-0: Ball 1-0: Ball 2-0: Foul Ball, location: 2F 2-1: Ball 3-1: Called Strike 3-2: Base on Balls Terry Simpson scores Felipe Jareño to third Reynold Akker to second
|
Batting: RHB Phil Jacobs
|
0-0: Called Strike 0-1: Fly out, F4 (Line Drive, 4M)
|
Top of the 7th over - 5 run(s), 3 hit(s), 0 error(s), 3 left on base; District 9 9 - Redwood City 7 |
BOTTOM OF THE 7TH |
Redwood City Redwoods batting - Pitching for District 9 Prawns : RHP Eduardo Delgado
|
Now in LF: Jeff Stevenson
|
|
Now in RF: Gil Palmer
|
|
Batting: RHB Tokuhei Kobayashi
|
0-0: Ball 1-0: Ball 2-0: Ball 3-0: Called Strike 3-1: SINGLE (Line Drive, 8LS)
|
Batting: LHB Patrick Bright
|
0-0: Fielders Choice at 2nd, 6-4 (Groundball, 6)
|
Batting: RHB Juan Robles
|
0-0: Swinging Strike 0-1: Ball 1-1: Swinging Strike 1-2: Strikes out swinging
|
Batting: RHB Jesús Cuevas
|
0-0: Called Strike 0-1: Ball 1-1: Swinging Strike 1-2: Ball 2-2: Fly out, F9 (Flyball, 89M)
|
Bottom of the 7th over - 0 run(s), 1 hit(s), 0 error(s), 1 left on base; District 9 9 - Redwood City 7 |
TOP OF THE 8TH |
District 9 Prawns batting - Pitching for Redwood City Redwoods : RHP Daniel Betteridge
|
Batting: SHB Félix Montoya
|
0-0: Called Strike 0-1: Swinging Strike 0-2: Ball 1-2: Ball 2-2: Ball 3-2: Base on Balls
|
Batting: RHB José Colón
|
0-0: SINGLE (Line Drive, 8LS) Félix Montoya to second
|
Batting: SHB Tony López
|
0-0: Foul Ball, location: 2F 0-1: Fly out, F7 (Flyball, 7S)
|
Batting: SHB Rick Turner
|
0-0: Ball 1-0: Ball 2-0: Ball 3-0: Called Strike 3-1: Ground out 5-3 (Groundball, 56S) Félix Montoya to third José Colón to second
|
Batting: LHB Terry Simpson
|
0-0: Ball 1-0: Ball 2-0: Foul Ball, location: 2F 2-1: Foul Ball, location: 2F 2-2: Foul Ball, location: 2F 2-2: Fly out, F7 (Flyball, 7S)
|
Top of the 8th over - 0 run(s), 1 hit(s), 0 error(s), 2 left on base; District 9 9 - Redwood City 7 |
TOP OF THE 9TH |
District 9 Prawns batting - Pitching for Redwood City Redwoods : RHP Daniel Betteridge
|
Now in RF: Frank Young
|
|
Batting: RHB Felipe Jareño
|
0-0: Ball 1-0: Ball 2-0: Called Strike 2-1: Fly out, F7 (Flyball, 7LS)
|
Batting: RHB Jeff Stevenson
|
0-0: Ball 1-0: Called Strike 1-1: Ball 2-1: Ball 3-1: Foul Ball, location: 2F 3-2: Strikes out swinging, 2-3 out at first.
|
Batting: RHB Gil Palmer
|
0-0: Ball 1-0: Ball 2-0: Ball 3-0: Called Strike 3-1: Base on Balls
|
Batting: RHB Phil Jacobs
|
0-0: Fly out, F7 (Flyball, 7S)
|
Top of the 9th over - 0 run(s), 0 hit(s), 0 error(s), 1 left on base; District 9 9 - Redwood City 7 |
BOTTOM OF THE 9TH |
Redwood City Redwoods batting - Pitching for District 9 Prawns : LHP Ben Johnson
|
Pitching: RHP Lee Hecker
|
|
Batting: RHB Tokuhei Kobayashi
|
0-0: Ball 1-0: Foul Ball, location: 2F 1-1: Ball 2-1: Foul Ball, location: 2F 2-2: Strikes out swinging
|
Batting: LHB Patrick Bright
|
0-0: Called Strike 0-1: SINGLE (Flyball, 89M)
|
Pinch Hitting: LHB Bill McCraney
|
0-0: Called Strike 0-1: Swinging Strike 0-2: Fly out, F7 (Flyball, 7S)
|
Pinch Hitting: LHB David Doyle
|
0-0: Swinging Strike 0-1: Ball 1-1: Ball 2-1: Foul Ball, location: 2F 2-2: Strikes out looking
|
Bottom of the 9th over - 0 run(s), 1 hit(s), 0 error(s), 1 left on base; District 9 9 - Redwood City 7 |
|